 Dungeon Crawl Stone Soup version 0.24-a0-462-ge24419a6ad (webtiles) character file.

Game seed: 2256523662409488053

839 Gynju the Spear-Bearer (level 7, 0/52 HPs)
             Began as a Demonspawn Fighter on June 28, 2019.
             Slain by an orc warrior
             ... wielding a +1 halberd of protection
              (10 damage)
             ... on level 6 of the Dungeon on July 1, 2019.
             The game lasted 00:09:45 (4802 turns).

Gynju the Spear-Bearer (Demonspawn Fighter)         Turns: 4802, Time: 00:09:46

Health: 0/52       AC: 12    Str: 18    XL:     7   Next: 67%
Magic:  7/7        EV:  2    Int: 10    God:
Gold:   280        SH:  8    Dex: 12    Spells: 6/6 levels left

rFire    . . .     SeeInvis .   a - +0 trident
rCold    . . .     Gourm    .   c - +0 shield
rNeg     . . .     Faith    .   i - +0 plate armour
rPois    .         Spirit   .   (helmet restricted)
rElec    .         Reflect  .   r - +0 cloak
rCorr    .         Harm     .   (no gloves)
MR       .....                  (no boots)
Stlth    ..........             (no amulet)
HPRegen  0.17/turn              (no ring)
MPRegen  0.10/turn              (no ring)

@: no status effects
A: antennae 1, hooves 1, foul stench 1, rot immunity
a: no special abilities


You were on level 6 of the Dungeon.
You were not hungry.

You visited 1 branch of the dungeon, and saw 6 of its levels.

You collected 280 gold pieces.

Inventory:

Hand Weapons
 a - a +0 trident (weapon)
Missiles
 h - 178 stones (quivered)
Armour
 b - a +0 scale mail
 c - a +0 shield (worn)
 i - a +0 plate armour (worn)
 r - a +0 cloak (worn)
Scrolls
 d - a scroll of blinking {unknown}
 g - a scroll of magic mapping {unknown}
 j - 4 scrolls of identify {unknown}
 k - 2 scrolls of fog {unknown}
 m - 2 scrolls of teleportation {unknown}
 s - a scroll of remove curse {unknown}
 t - 2 scrolls of enchant armour {unknown}
 u - 5 scrolls of amnesia {unknown}
Potions
 e - a potion of invisibility {unknown}
 l - 3 potions of cancellation {unknown}
 n - 2 potions of brilliance {unknown}
 o - 2 potions of flight {unknown}
 p - 2 potions of lignification {unknown}
 q - a potion of mutation {unknown}
Comestibles
 f - 9 rations
 v - a chunk of flesh


   Skills:
 - Level 3.0 Fighting
 + Level 8.2 Polearms
 - Level 2.6 Armour
 - Level 2.6 Shields


You had 6 spell levels left.
You didn't know any spells.
Your spell library was empty.

Dungeon Overview and Level Annotations

Branches:
Dungeon (6/15)
 Temple: D:4-7

Altars:
Dithmenos
Hepliaklqana
Kikubaaqudgha
Ru
Trog
Uskayaw
Vehumet
Wu Jian
Xom
Zin


Innate Abilities, Weirdness & Mutations

You have a pair of small antennae on your head.
You have large cloven feet.
You may emit foul miasma when damaged in melee.
You are immune to rotting.


Message History

* * * LOW HITPOINT WARNING * * *
The orc warrior looks sick.
Your shield and plate armour prevent you from hitting the orc warrior.
You kick the orc warrior, but do no damage.
You block the orc warrior's attack.
You hit the orc warrior but do no damage.
You kick the orc warrior, but do no damage.
You closely miss the orc warrior. Your kick misses the orc warrior.
The orc warrior hits you but does no damage.
You hit the orc warrior. Your kick misses the orc warrior.
The orc warrior is lightly wounded.
The orc warrior hits you but does no damage.
You hit the orc warrior but do no damage.
Your kick misses the orc warrior.
The orc warrior is lightly wounded.
The orc warrior hits you but does no damage.
You puncture the orc warrior! Your kick misses the orc warrior.
The orc warrior is heavily wounded.
The orc warrior hits you with a +1 halberd of protection!
You die...

# #.....# #. #.....#
#..#.....# #..#.....#
..'.....# #.....# # .
#.....######'#....
#......†))@o......
##'###............
#####...#.......%....
#.......#............
#.......#............
#.......#............
#.......#............
#..##...#........####
#..######........#..#


You could see an orc warrior.

Vanquished Creatures
  2 ice beasts (D:5)
  An ogre (D:4)
  A centaur (D:6)
  A howler monkey (D:4)
  3 hounds (D:6)
  A jelly (D:5)
  An orc priest (D:3)
  3 orc wizards
  Natasha (thrice) (D:2)
  7 adders
  An ooze (D:3)
  An adder skeleton (D:4)
  3 worms
  6 leopard geckos
  12 orcs
  A giant cockroach (D:2)
  6 goblins
  4 hobgoblins
  2 jackals (D:1)
  A ball python (D:1)
  8 bats
  4 frilled lizards
  9 kobolds
  7 rats
88 creatures vanquished.

Vanquished Creatures (others)
  A wizard (D:5)
  2 plants (D:1)
3 creatures vanquished.

Grand Total: 91 creatures vanquished

Notes
Turn   | Place    | Note
-------+----------+-------------------------------------------
     0 | D:1      | Gynju the Demonspawn Fighter began the quest for the Orb.
     0 | D:1      | Reached XP level 1. HP: 18/18 MP: 1/1
    81 | D:1      | Reached skill level 2 in Polearms
   198 | D:1      | Gained mutation: You have a pair of small antennae on your
                  | head. [demonic ancestry]
   198 | D:1      | Reached XP level 2. HP: 24/24 MP: 2/2
   467 | D:1      | Reached skill level 3 in Polearms
   631 | D:2      | Noticed an angel
   633 | D:2      | Found a glowing silver altar of Zin.
   634 | D:2      | Found a shimmering altar of Xom.
   667 | D:2      | Reached XP level 3. HP: 29/29 MP: 3/3
   689 | D:2      | Noticed Natasha
   700 | D:2      | Killed Natasha
   875 | D:2      | Reached skill level 4 in Polearms
   875 | D:2      | Gained mutation: You are immune to rotting. [demonic
                  | ancestry]
   875 | D:2      | Reached XP level 4. HP: 29/35 MP: 4/4
   957 | D:2      | Found a shadowy altar of Dithmenos.
  1170 | D:2      | Noticed Natasha
  1177 | D:2      | Killed Natasha
  1337 | D:2      | Noticed Natasha
  1344 | D:2      | Killed Natasha
  1460 | D:3      | Found a sacrificial altar of Ru.
  1468 | D:3      | Found an ornate altar of the Wu Jian Council.
  1490 | D:3      | Gained mutation: You may emit foul miasma when damaged in
                  | melee. [demonic ancestry]
  1490 | D:3      | Reached XP level 5. HP: 34/41 MP: 5/5
  1662 | D:3      | Reached skill level 5 in Polearms
  2882 | D:4      | Found a hazy altar of Hepliaklqana.
  2882 | D:4      | Noticed an ogre
  3368 | D:4      | Killed an ogre
  3368 | D:4      | Reached skill level 6 in Polearms
  3368 | D:4      | Gained mutation: You have large cloven feet. [demonic
                  | ancestry]
  3368 | D:4      | Reached XP level 6. HP: 31/47 MP: 6/6
  3640 | D:3      | Found an ancient bone altar of Kikubaaqudgha.
  3662 | D:5      | Entered Level 5 of the Dungeon
  3944 | D:5      | Noticed an ice beast
  3953 | D:5      | Killed an ice beast
  3953 | D:5      | Reached skill level 7 in Polearms
  3953 | D:5      | Reached XP level 7. HP: 52/52 MP: 7/7
  4195 | D:5      | Found a bloodstained altar of Trog.
  4196 | D:5      | Noticed a wizard
  4202 | D:5      | Killed a wizard
  4378 | D:5      | Upgraded the game from 0.24-a0-459-g225fefd530 to
                  | 0.24-a0-462-ge24419a6ad
  4501 | D:6      | Found a radiant altar of Vehumet.
  4501 | D:6      | Found a bloodstained altar of Trog.
  4502 | D:6      | Found a hide-covered altar of Uskayaw.
  4707 | D:6      | Reached skill level 8 in Polearms
  4802 | D:6      | Slain by an orc warrior

Levels and vault maps discovered:
D:1:      dpeg_arrival_rooms_b, layout_rooms, lexackson_kobold_supper
D:2:      layout_loops_ring, grunt_temple_overflow_order_and_chaos_1,
          grunt_dithmenos_smoke, uniq_natasha
D:3:      layout_basic, nicolae_overflow_hidden_temple,
          grunt_temple_overflow_open
D:4:      layout_basic, overflow_temple_1_default
D:5:      layout_basic, first_ration, trog_wizard
D:6:      layout_gridville, gammafunk_temple_overflow_claw, hex_medium

Skill      XL: |  1  2  3  4  5  6  7 |
---------------+----------------------+-----
Polearms       | 2 3 4 6 7 8 |  8.2
Fighting       | |  3.0
Armour         | |  2.6
Shields        | |  2.6

Action                   |  1- 3 |  4- 6 |  7- 9 || total
-------------------------+-------+-------+-------++-------
Melee: Trident           |   108 |   270 |    63 ||   441
       Kick              |       |     8 |    13 ||    21
  Use: Potion            |       |     1 |       ||     1
  Eat: Chunk             |       |    10 |     3 ||    13
Armor: Scale mail        |    53 |    37 |       ||    90
       Plate armour      |       |    96 |    35 ||   131
Dodge: Dodged            |    31 |    33 |     4 ||    68
Block: Shield            |    46 |   110 |    13 ||   169

Table legend:
 A = Non-vault XP
 B = Vault XP
 C = Vault XP percentage of total XP
 D = Non-vault monster count
 E = Vault monster count
 F = Vault count percentage of total count
                 A         B        C        D         E       F
            +---------+---------+-------+---------+---------+-------
      Total |    1148 |      51 |   4.3 |      79 |       9 |  10.2
            +---------+---------+-------+---------+---------+-------
        D:1 |      23 |      15 |  39.5 |      15 |       8 |  34.8
        D:2 |     110 |      36 |  24.7 |      17 |       1 |   5.6
        D:3 |      98 |       0 |   0.0 |      17 |       0 |   0.0
        D:4 |     242 |       0 |   0.0 |      12 |       0 |   0.0
        D:5 |     384 |       0 |   0.0 |       9 |       0 |   0.0
        D:6 |     291 |       0 |   0.0 |       9 |       0 |   0.0
            +---------+---------+-------+---------+---------+-------
